General information
- name: BNet
- type: Ladder team game (AT/RT)
- host: Battle.net
- saver: iggyiggyiggy
map: Friends
- players: 8
- length: 92:40
- speed: Fast
- version: 1.21 W3XP
- replay type:

» download(999 KB)
Players
team 1 (winner)
Farmer_W_John (
red | 95 APM | 8834 actions | 92:40)
10 Blademaster
3 Wind Walk
3 Critical Strike
1 Bladestorm
3 Mirror Image
10 Shadow Hunter
3 Hex
3 Healing Wave
1 Big Bad Voodoo
3 Serpent Ward
6 Pandaren Brewmaster
3 Breath of Fire
2 Drunken Haze
1 Storm Earth and Fire
» actions
| Assign group hotkey | 1173 | |
| Basic commands | 523 | |
| Build / train | 179 | |
| Enter build submenu | 90 | |
| Enter hero's abilities submenu | 26 | |
| Give item / drop item | 16 | |
| Remove unit from queue | 4 | |
| Right click | 3721 | |
| Select / deselect | 1102 | |
| Select group hotkey | 1382 | |
| Use ability | 617 | |
8834 total
» units
| Peon | 31 | |
| Grunt | 6 | |
| Demolisher | 13 | |
| Troll Batrider | 32 | |
| Goblin Shredder | 1 | |
| Kodo Beast | 1 | |
| Troll Headhunter/Berserker | 3 | |
| Shaman | 2 | |
| Spirit Walker | 2 | |
| Troll Witch Doctor | 3 | |
94 total
» upgrades
| Pillage | 1 | |
| Berserker Strength | 1 | |
| Ranged Weapons | 3 | |
| Armor | 3 | |
| Burning Oil | 1 | |
| Reinforced Defenses | 1 | |
| Ensnare | 0 | |
| Berserker Upgrade | 1 | |
| Troll Regeneration | 1 | |
| Shaman Training | 2 | |
| Witch Doctor Training | 2 | |
| Melee Weapons | 1 | |
| War Drums Damage Increase | 1 | |
| Spirit Walker Training | 1 | |
19 total
» buildings
| Altar of Storms | 1 | |
| Orc Burrow | 8 | |
| Barracks | 4 | |
| Stronghold | 2 | |
| Voodoo Lounge | 1 | |
| War Mill | 1 | |
| Great Hall | 9 | |
| Fortress | 2 | |
| Watch Tower | 61 | |
| Beastiary | 3 | |
| Spirit Lodge | 2 | |
94 total
» build order
00:26 Altar of Storms
00:36 Orc Burrow
01:00 Barracks
01:48 Orc Burrow
03:37 Stronghold
04:29 Voodoo Lounge
05:28 War Mill
05:34 Barracks
05:37 Orc Burrow
05:40 Orc Burrow
08:04 Orc Burrow
10:40 Great Hall
13:06 Fortress
13:09 Watch Tower
13:16 Orc Burrow
13:19 Watch Tower
19:29 Watch Tower
20:59 Great Hall
23:26 Great Hall
31:51 Barracks
31:53 Barracks
33:47 Watch Tower
33:48 Watch Tower
33:52 Watch Tower
33:58 Watch Tower
34:00 Watch Tower
34:12 Watch Tower
34:13 Watch Tower
34:18 Orc Burrow
34:20 Great Hall
34:51 Orc Burrow
40:29 Beastiary
40:31 Beastiary
40:33 Beastiary
41:06 Watch Tower
41:06 Watch Tower
41:07 Watch Tower
41:07 Watch Tower
41:08 Watch Tower
51:30 Watch Tower
51:31 Watch Tower
51:33 Watch Tower
51:36 Watch Tower
51:38 Watch Tower
51:39 Watch Tower
51:40 Watch Tower
51:41 Watch Tower
51:42 Watch Tower
51:43 Watch Tower
51:45 Watch Tower
51:58 Great Hall
52:22 Watch Tower
52:24 Watch Tower
52:27 Watch Tower
52:58 Watch Tower
55:08 Stronghold
55:10 Watch Tower
55:12 Watch Tower
55:13 Watch Tower
55:15 Watch Tower
55:18 Watch Tower
55:19 Watch Tower
55:21 Watch Tower
56:32 Watch Tower
56:33 Watch Tower
56:46 Great Hall
57:35 Watch Tower
57:35 Watch Tower
57:36 Watch Tower
57:37 Watch Tower
58:22 Watch Tower
60:09 Great Hall
61:19 Great Hall
67:13 Fortress
67:21 Watch Tower
67:22 Watch Tower
67:22 Watch Tower
67:23 Watch Tower
67:24 Watch Tower
67:28 Watch Tower
67:30 Watch Tower
67:31 Watch Tower
67:32 Watch Tower
67:34 Watch Tower
68:23 Watch Tower
69:28 Watch Tower
69:29 Watch Tower
69:33 Watch Tower
70:01 Watch Tower
70:03 Watch Tower
70:04 Watch Tower
83:07 Spirit Lodge
83:08 Spirit Lodge
85:13 Great Hall
» items
| Healing Salve | 8 | |
| Scroll of Speed | 1 | |
| Demonic Figurine | 1 | |
| Inferno Stone | 1 | |
| Scroll of Restoration | 1 | |
| Orb of Corruption | 1 | |
| Book of the Dead | 1 | |
| Orb of Lightning | 2 | |
| Tiny Great Hall | 2 | |
| Scroll of Town Portal | 5 | |
| Alleria's Flute of Accuracy | 1 | |
| Belt of Giant Strength +6 | 2 | |
| Boots of Quel'Thalas +6 | 2 | |
| Lesser Clarity Potion | 3 | |
31 total
FReeZING[cF] (
blue | 93 APM | 8654 actions | 92:40)
9 Mountain King
3 Storm Bolt
3 Bash
1 Avatar
2 Thunder Clap
8 Paladin
3 Holy Light
3 Devotion Aura
1 Resurrection
1 Divine Shield
» actions
| Assign group hotkey | 210 | |
| Basic commands | 287 | |
| Build / train | 167 | |
| ESC pressed | 6 | |
| Enter build submenu | 64 | |
| Enter hero's abilities submenu | 17 | |
| Give item / drop item | 4 | |
| Remove unit from queue | 1 | |
| Right click | 3990 | |
| Select / deselect | 984 | |
| Select group hotkey | 2496 | |
| Use ability | 428 | |
8654 total
» units
| Peasant | 21 | |
| Footman | 8 | |
| Forest Troll Shadow Priest | 2 | |
| Forest Troll Berserker | 1 | |
| Knight | 7 | |
| Dragonhawk Rider | 29 | |
| Gryphon Rider | 4 | |
| Mortar Team | 15 | |
| Goblin Shredder | 1 | |
88 total
» upgrades
| Defend | 1 | |
| Swords | 3 | |
| Plating | 1 | |
| Lumber Harvesting | 2 | |
| Cloud | 1 | |
| Animal War Training | 1 | |
| Armor | 3 | |
| Masonry | 3 | |
| Storm Hammers | 1 | |
| Fragmentation Shards | 1 | |
| Gunpowder | 2 | |
| Flare | 1 | |
20 total
» buildings
| Farm | 18 | |
| Altar of Kings | 1 | |
| Barracks | 2 | |
| Scout Tower | 28 | |
| Arcane Tower | 2 | |
| Keep | 2 | |
| Lumber Mill | 1 | |
| Arcane Vault | 3 | |
| Blacksmith | 1 | |
| Guard Tower | 12 | |
| Castle | 1 | |
| Gryphon Aviary | 3 | |
| Town Hall | 4 | |
| Workshop | 1 | |
79 total
» build order
00:15 Farm
00:19 Altar of Kings
00:40 Barracks
01:16 Farm
01:40 Scout Tower
02:19 Arcane Tower
02:19 Arcane Tower
02:44 Farm
03:28 Farm
04:06 Keep
04:33 Scout Tower
05:11 Lumber Mill
05:30 Arcane Vault
05:32 Arcane Vault
05:37 Blacksmith
06:20 Guard Tower
06:32 Castle
07:01 Barracks
07:05 Farm
07:09 Farm
07:37 Scout Tower
07:42 Scout Tower
09:27 Guard Tower
09:37 Farm
10:16 Gryphon Aviary
10:21 Gryphon Aviary
10:54 Guard Tower
12:42 Farm
12:50 Farm
15:50 Farm
15:52 Farm
17:29 Town Hall
17:32 Scout Tower
17:34 Scout Tower
18:03 Scout Tower
18:05 Scout Tower
19:05 Guard Tower
19:07 Scout Tower
19:09 Scout Tower
20:10 Farm
20:12 Farm
20:14 Farm
20:15 Farm
46:25 Gryphon Aviary
49:14 Town Hall
49:57 Scout Tower
50:00 Scout Tower
50:02 Scout Tower
50:14 Town Hall
51:06 Guard Tower
52:08 Guard Tower
52:10 Scout Tower
52:15 Scout Tower
52:20 Scout Tower
52:39 Scout Tower
52:40 Guard Tower
52:46 Scout Tower
52:57 Guard Tower
53:29 Guard Tower
53:30 Scout Tower
53:32 Scout Tower
53:35 Scout Tower
53:38 Scout Tower
53:41 Scout Tower
53:43 Scout Tower
53:44 Guard Tower
54:28 Guard Tower
54:29 Scout Tower
54:30 Scout Tower
54:31 Scout Tower
54:33 Scout Tower
55:04 Guard Tower
67:40 Arcane Vault
71:06 Workshop
79:07 Keep
82:12 Farm
82:14 Farm
82:18 Farm
86:20 Town Hall
» items
| Scroll of Regeneration | 4 | |
| Scourge Bone Chimes | 1 | |
| Scroll of Town Portal | 7 | |
| Orb of Fire | 2 | |
| Scroll of Resurrection | 1 | |
| Demonic Figurine | 1 | |
| Potion of Healing | 1 | |
17 total
jellos (
green | 91 APM | 8435 actions | 92:40)
8 Archmage
3 Summon Water Elemental
3 Brilliance Aura
1 Mass Teleport
1 Blizzard
8 Mountain King
3 Storm Bolt
3 Bash
1 Avatar
1 Thunder Clap
» actions
| Assign group hotkey | 147 | |
| Basic commands | 1037 | |
| Build / train | 214 | |
| ESC pressed | 55 | |
| Enter build submenu | 95 | |
| Enter hero's abilities submenu | 16 | |
| Right click | 3173 | |
| Select / deselect | 1176 | |
| Select group hotkey | 2140 | |
| Use ability | 382 | |
8435 total
» units
| Peasant | 65 | |
| Footman | 9 | |
| Spell Breaker | 11 | |
| Sorceress | 7 | |
| Priest | 7 | |
| Siege Engine | 16 | |
| Mortar Team | 10 | |
| Flying Machine | 1 | |
| Gryphon Rider | 4 | |
| Dragonhawk Rider | 3 | |
| Rifleman | 3 | |
136 total
» upgrades
| Lumber Harvesting | 2 | |
| Priest Training | 2 | |
| Sorceress Training | 1 | |
| Gunpowder | 3 | |
| Barrage | 1 | |
| Fragmentation Shards | 2 | |
| Swords | 3 | |
| Plating | 3 | |
| Armor | 3 | |
| Storm Hammers | 1 | |
| Cloud | 1 | |
| Long Rifles | 1 | |
| Masonry | 1 | |
24 total
» buildings
| Altar of Kings | 3 | |
| Farm | 30 | |
| Barracks | 6 | |
| Lumber Mill | 2 | |
| Scout Tower | 5 | |
| Arcane Tower | 3 | |
| Keep | 5 | |
| Arcane Vault | 4 | |
| Guard Tower | 5 | |
| Arcane Sanctum | 3 | |
| Blacksmith | 4 | |
| Castle | 5 | |
| Town Hall | 8 | |
| Workshop | 9 | |
| Gryphon Aviary | 4 | |
96 total
» build order
00:05 Altar of Kings
00:18 Farm
00:18 Barracks
00:49 Farm
01:56 Lumber Mill
02:11 Farm
02:27 Scout Tower
02:59 Arcane Tower
02:59 Arcane Tower
03:21 Keep
03:22 Keep
03:22 Keep
03:50 Scout Tower
04:13 Arcane Vault
04:21 Arcane Vault
04:26 Guard Tower
04:26 Guard Tower
04:38 Farm
05:55 Arcane Sanctum
06:29 Arcane Sanctum
06:46 Farm
07:15 Farm
07:18 Farm
07:49 Scout Tower
09:04 Guard Tower
10:20 Farm
10:21 Farm
10:32 Blacksmith
10:36 Blacksmith
11:26 Farm
12:38 Castle
12:38 Castle
12:38 Castle
13:54 Farm
15:35 Town Hall
18:46 Farm
18:49 Farm
18:51 Scout Tower
18:53 Scout Tower
20:26 Guard Tower
20:28 Farm
25:28 Workshop
25:32 Workshop
26:44 Farm
26:46 Farm
27:09 Town Hall
33:00 Workshop
36:24 Town Hall
36:26 Town Hall
39:02 Town Hall
42:47 Town Hall
44:34 Keep
47:01 Castle
47:13 Workshop
47:14 Workshop
47:16 Workshop
50:02 Town Hall
50:52 Altar of Kings
52:50 Town Hall
53:39 Keep
55:31 Farm
55:32 Farm
56:08 Farm
56:10 Farm
56:52 Lumber Mill
58:29 Castle
59:52 Gryphon Aviary
59:53 Gryphon Aviary
59:56 Farm
59:58 Farm
61:17 Gryphon Aviary
61:18 Gryphon Aviary
61:25 Blacksmith
61:57 Farm
61:57 Farm
61:59 Farm
62:00 Farm
62:59 Blacksmith
63:01 Farm
63:02 Farm
65:28 Altar of Kings
66:27 Farm
66:57 Farm
72:53 Arcane Vault
79:27 Workshop
79:28 Workshop
80:56 Workshop
85:55 Barracks
85:55 Barracks
85:56 Barracks
85:59 Barracks
86:01 Barracks
86:10 Arcane Sanctum
86:18 Arcane Vault
» items
| Lesser Clarity Potion | 1 | |
| Scroll of Regeneration | 3 | |
4 total
Pinnacle (
teal | 51 APM | 4762 actions | 92:40)
10 Death Knight
3 Death Coil
3 Unholy Aura
3 Death Pact
1 Animate Dead
8 Lich
3 Frost Nova
3 Frost Armor
1 Death and Decay
1 Dark Ritual
» actions
| Assign group hotkey | 63 | |
| Basic commands | 5 | |
| Build / train | 213 | |
| Enter build submenu | 61 | |
| Enter hero's abilities submenu | 19 | |
| Give item / drop item | 6 | |
| Right click | 1779 | |
| Select / deselect | 567 | |
| Select group hotkey | 1745 | |
| Use ability | 304 | |
4762 total
» units
| Acolyte | 18 | |
| Ghoul | 4 | |
| Crypt Fiend | 41 | |
| Forest Troll Shadow Priest | 1 | |
| Obsidian Statue | 14 | |
| Frost Wyrm | 15 | |
| Meatwagon | 7 | |
| Goblin Shredder | 1 | |
101 total
» upgrades
| Creature Carapace | 3 | |
| Creature Attack | 3 | |
| Web | 1 | |
| Destroyer Form | 1 | |
| Freezing Breath | 1 | |
| Unholy Armor | 2 | |
| Unholy Strength | 2 | |
| Backpack | 1 | |
14 total
» buildings
| Graveyard | 2 | |
| Crypt | 2 | |
| Altar of Darkness | 4 | |
| Ziggurat | 34 | |
| Tomb of Relics | 1 | |
| Nerubian Tower | 4 | |
| Spirit Tower | 21 | |
| Halls of the Dead | 3 | |
| Black Citadel | 2 | |
| Sacrificial Pit | 2 | |
| Slaughterhouse | 1 | |
| Boneyard | 1 | |
| Necropolis | 2 | |
79 total
» build order
00:16 Graveyard
00:23 Crypt
00:54 Altar of Darkness
01:03 Ziggurat
01:43 Tomb of Relics
01:57 Nerubian Tower
02:43 Ziggurat
03:12 Ziggurat
04:15 Spirit Tower
04:45 Halls of the Dead
05:58 Ziggurat
06:07 Ziggurat
09:31 Black Citadel
09:33 Sacrificial Pit
10:35 Slaughterhouse
11:05 Ziggurat
12:00 Boneyard
13:19 Spirit Tower
13:23 Spirit Tower
14:37 Ziggurat
14:42 Ziggurat
19:10 Spirit Tower
19:11 Spirit Tower
39:38 Spirit Tower
41:05 Ziggurat
41:07 Ziggurat
41:09 Ziggurat
41:12 Ziggurat
41:15 Ziggurat
41:18 Ziggurat
41:21 Ziggurat
41:23 Ziggurat
41:27 Ziggurat
41:30 Ziggurat
41:33 Ziggurat
42:27 Spirit Tower
42:29 Spirit Tower
42:30 Spirit Tower
42:31 Spirit Tower
42:34 Spirit Tower
42:35 Spirit Tower
42:37 Spirit Tower
42:38 Spirit Tower
42:40 Spirit Tower
42:42 Spirit Tower
51:53 Ziggurat
55:44 Ziggurat
55:46 Ziggurat
55:50 Ziggurat
55:52 Ziggurat
55:57 Ziggurat
56:45 Necropolis
56:57 Ziggurat
58:39 Spirit Tower
58:40 Spirit Tower
58:44 Spirit Tower
58:46 Spirit Tower
65:17 Halls of the Dead
67:53 Ziggurat
68:05 Necropolis
68:07 Ziggurat
68:09 Ziggurat
68:12 Ziggurat
68:41 Altar of Darkness
69:43 Altar of Darkness
72:32 Nerubian Tower
73:42 Crypt
73:45 Ziggurat
74:18 Nerubian Tower
74:22 Graveyard
75:10 Nerubian Tower
77:00 Ziggurat
77:02 Ziggurat
77:04 Ziggurat
82:31 Halls of the Dead
87:22 Spirit Tower
88:12 Altar of Darkness
89:21 Black Citadel
90:11 Sacrificial Pit
» items
| Rod of Necromancy | 3 | |
| Scroll of Town Portal | 17 | |
| Potion of Healing | 13 | |
| Talisman of the Wild | 2 | |
| Red Drake Egg | 2 | |
| Healing Wards | 1 | |
| Book of the Dead | 1 | |
| Inferno Stone | 2 | |
| Scroll of Animate Dead | 1 | |
| Spiked Collar | 1 | |
| Mana Stone | 1 | |
| Orb of Lightning | 1 | |
| Scroll of Speed | 1 | |
| Orb of Fire | 1 | |
| Orb of Corruption | 1 | |
48 total
team 2 (loser)
ClanTowaRnD (
purple | 119 APM | 10934 actions | 91:31)
6 Archmage
3 Blizzard
2 Brilliance Aura
1 Mass Teleport
5 Dark Ranger
3 Silence
2 Life Drain
» actions
| Assign group hotkey | 24 | |
| Basic commands | 28 | |
| Build / train | 312 | |
| Enter build submenu | 200 | |
| Enter hero's abilities submenu | 11 | |
| Give item / drop item | 22 | |
| Remove unit from queue | 9 | |
| Right click | 5955 | |
| Select / deselect | 1443 | |
| Select group hotkey | 2139 | |
| Use ability | 791 | |
10934 total
» units
| Peasant | 54 | |
| Siege Engine | 20 | |
| Sorceress | 1 | |
75 total
» upgrades
| Masonry | 3 | |
| Lumber Harvesting | 0 | |
| Magic Sentry | 1 | |
| Gunpowder | 3 | |
| Plating | 3 | |
| Barrage | 1 | |
| Sorceress Training | 1 | |
12 total
» buildings
| Altar of Kings | 2 | |
| Farm | 16 | |
| Lumber Mill | 5 | |
| Scout Tower | 519 | |
| Arcane Tower | 5 | |
| Guard Tower | 156 | |
| Keep | 4 | |
| Castle | 3 | |
| Town Hall | 11 | |
| Arcane Sanctum | 2 | |
| Arcane Vault | 5 | |
| Blacksmith | 1 | |
| Workshop | 4 | |
733 total
» build order
00:10 Altar of Kings
00:24 Farm
00:26 Farm
00:36 Lumber Mill
00:51 Scout Tower
00:53 Scout Tower
01:18 Scout Tower
01:19 Arcane Tower
01:48 Scout Tower
01:51 Guard Tower
01:57 Scout Tower
02:05 Scout Tower
02:09 Scout Tower
02:17 Scout Tower
02:23 Scout Tower
02:30 Guard Tower
02:31 Scout Tower
02:32 Scout Tower
02:37 Arcane Tower
02:41 Guard Tower
02:42 Scout Tower
02:46 Scout Tower
02:47 Scout Tower
02:50 Guard Tower
02:51 Scout Tower
02:52 Scout Tower
03:14 Guard Tower
03:19 Scout Tower
03:20 Scout Tower
03:23 Guard Tower
03:24 Scout Tower
03:25 Guard Tower
03:28 Scout Tower
03:34 Scout Tower
03:35 Scout Tower
03:42 Guard Tower
03:44 Guard Tower
03:54 Guard Tower
03:57 Guard Tower
04:01 Scout Tower
04:12 Guard Tower
04:15 Scout Tower
04:19 Guard Tower
04:20 Scout Tower
04:24 Scout Tower
04:26 Guard Tower
04:27 Scout Tower
04:35 Guard Tower
04:37 Scout Tower
04:38 Scout Tower
04:39 Scout Tower
04:39 Scout Tower
04:42 Scout Tower
04:43 Scout Tower
04:53 Scout Tower
04:54 Scout Tower
04:55 Guard Tower
04:59 Guard Tower
05:02 Scout Tower
05:03 Scout Tower
05:05 Guard Tower
05:07 Scout Tower
05:08 Scout Tower
05:13 Scout Tower
05:13 Scout Tower
05:17 Guard Tower
05:20 Guard Tower
05:25 Guard Tower
05:35 Guard Tower
05:35 Guard Tower
05:42 Guard Tower
05:52 Guard Tower
05:54 Scout Tower
05:54 Scout Tower
05:56 Scout Tower
05:56 Scout Tower
05:57 Scout Tower
06:03 Scout Tower
06:05 Scout Tower
06:06 Scout Tower
06:09 Guard Tower
06:15 Scout Tower
06:16 Scout Tower
06:24 Guard Tower
06:27 Scout Tower
06:35 Guard Tower
06:37 Scout Tower
06:37 Scout Tower
06:38 Scout Tower
06:50 Guard Tower
06:52 Scout Tower
06:53 Scout Tower
06:55 Guard Tower
06:55 Guard Tower
06:55 Guard Tower
06:56 Guard Tower
07:00 Guard Tower
07:02 Guard Tower
07:07 Scout Tower
07:08 Scout Tower
07:09 Guard Tower
07:12 Scout Tower
07:13 Scout Tower
07:17 Scout Tower
07:33 Scout Tower
07:35 Scout Tower
07:36 Scout Tower
07:36 Scout Tower
07:39 Guard Tower
07:54 Guard Tower
07:58 Arcane Tower
07:58 Guard Tower
08:00 Guard Tower
08:00 Guard Tower
08:05 Arcane Tower
08:05 Guard Tower
08:09 Scout Tower
08:10 Scout Tower
08:16 Scout Tower
08:18 Scout Tower
08:18 Scout Tower
08:33 Keep
08:33 Keep
08:51 Guard Tower
08:53 Scout Tower
08:54 Scout Tower
08:55 Scout Tower
08:56 Scout Tower
09:00 Guard Tower
09:01 Scout Tower
09:02 Scout Tower
09:02 Scout Tower
09:09 Guard Tower
09:19 Guard Tower
09:32 Guard Tower
09:40 Scout Tower
09:41 Scout Tower
09:56 Guard Tower
09:59 Scout Tower
10:00 Scout Tower
10:01 Scout Tower
10:24 Guard Tower
10:26 Scout Tower
10:27 Scout Tower
10:50 Guard Tower
10:51 Scout Tower
10:52 Scout Tower
11:22 Guard Tower
11:24 Scout Tower
11:25 Scout Tower
11:25 Scout Tower
11:26 Scout Tower
11:27 Scout Tower
12:06 Castle
12:15 Guard Tower
12:28 Scout Tower
12:29 Scout Tower
12:30 Scout Tower
12:55 Scout Tower
12:56 Scout Tower
12:57 Scout Tower
12:57 Scout Tower
12:58 Scout Tower
12:58 Scout Tower
12:59 Scout Tower
12:59 Scout Tower
13:05 Guard Tower
13:07 Scout Tower
13:07 Scout Tower
13:08 Scout Tower
13:09 Scout Tower
13:11 Scout Tower
13:11 Scout Tower
13:13 Guard Tower
13:23 Arcane Tower
13:24 Guard Tower
13:27 Guard Tower
13:28 Guard Tower
13:35 Guard Tower
13:53 Guard Tower
13:57 Guard Tower
14:00 Scout Tower
14:01 Scout Tower
14:02 Scout Tower
14:02 Scout Tower
14:03 Scout Tower
14:05 Scout Tower
14:13 Guard Tower
14:34 Guard Tower
14:41 Scout Tower
14:42 Scout Tower
14:43 Scout Tower
14:44 Scout Tower
14:45 Scout Tower
14:46 Scout Tower
14:46 Scout Tower
14:47 Scout Tower
14:48 Scout Tower
14:48 Scout Tower
14:49 Scout Tower
15:06 Guard Tower
15:14 Scout Tower
15:15 Scout Tower
16:13 Guard Tower
16:58 Town Hall
17:00 Guard Tower
17:02 Scout Tower
17:03 Scout Tower
17:04 Scout Tower
17:04 Scout Tower
17:05 Scout Tower
17:06 Scout Tower
17:18 Scout Tower
17:18 Scout Tower
17:20 Scout Tower
17:21 Scout Tower
17:21 Scout Tower
17:22 Scout Tower
17:22 Scout Tower
17:23 Scout Tower
17:53 Scout Tower
17:53 Scout Tower
17:54 Scout Tower
17:54 Scout Tower
17:55 Scout Tower
17:57 Scout Tower
17:57 Scout Tower
17:58 Scout Tower
17:58 Scout Tower
17:59 Scout Tower
18:00 Scout Tower
18:00 Scout Tower
18:01 Scout Tower
18:02 Scout Tower
18:02 Scout Tower
18:27 Guard Tower
18:29 Guard Tower
18:32 Guard Tower
18:35 Scout Tower
18:36 Scout Tower
18:37 Scout Tower
18:37 Scout Tower
18:38 Scout Tower
18:40 Scout Tower
18:41 Scout Tower
18:42 Scout Tower
18:43 Scout Tower
18:50 Guard Tower
18:55 Scout Tower
18:56 Scout Tower
18:59 Arcane Sanctum
19:04 Guard Tower
19:06 Guard Tower
19:37 Scout Tower
19:38 Scout Tower
19:39 Scout Tower
19:39 Scout Tower
19:40 Scout Tower
19:59 Guard Tower
20:05 Scout Tower
20:06 Scout Tower
20:07 Scout Tower
20:07 Scout Tower
20:08 Scout Tower
20:08 Scout Tower
20:14 Scout Tower
20:15 Scout Tower
20:16 Scout Tower
20:21 Guard Tower
20:26 Scout Tower
20:27 Scout Tower
20:27 Scout Tower
20:28 Scout Tower
20:28 Scout Tower
20:30 Guard Tower
20:46 Scout Tower
20:46 Scout Tower
20:47 Scout Tower
20:54 Guard Tower
21:00 Arcane Vault
21:00 Arcane Vault
21:05 Guard Tower
21:16 Arcane Vault
21:18 Guard Tower
21:24 Guard Tower
21:26 Scout Tower
21:26 Scout Tower
21:27 Scout Tower
21:27 Scout Tower
21:28 Scout Tower
21:53 Scout Tower
21:54 Scout Tower
21:54 Scout Tower
21:54 Scout Tower
21:57 Guard Tower
21:59 Scout Tower
21:59 Scout Tower
22:00 Scout Tower
22:00 Scout Tower
22:01 Scout Tower
22:04 Guard Tower
22:05 Scout Tower
22:06 Scout Tower
22:06 Scout Tower
22:07 Scout Tower
22:08 Scout Tower
22:08 Scout Tower
22:09 Scout Tower
22:09 Scout Tower
22:31 Scout Tower
22:33 Scout Tower
22:34 Scout Tower
22:35 Guard Tower
22:38 Guard Tower
22:40 Lumber Mill
22:42 Lumber Mill
22:46 Scout Tower
22:47 Scout Tower
22:48 Scout Tower
22:48 Scout Tower
22:50 Guard Tower
22:57 Scout Tower
22:58 Scout Tower
22:59 Scout Tower
22:59 Scout Tower
23:00 Scout Tower
23:00 Scout Tower
23:01 Guard Tower
23:11 Guard Tower
23:18 Guard Tower
23:19 Scout Tower
23:20 Scout Tower
23:22 Scout Tower
23:22 Scout Tower
23:23 Scout Tower
23:24 Scout Tower
23:25 Scout Tower
23:25 Scout Tower
23:26 Guard Tower
23:29 Scout Tower
23:34 Scout Tower
23:34 Scout Tower
23:34 Scout Tower
23:35 Scout Tower
23:35 Scout Tower
23:36 Scout Tower
23:36 Scout Tower
23:37 Scout Tower
23:55 Guard Tower
24:01 Guard Tower
24:31 Scout Tower
24:32 Scout Tower
24:34 Scout Tower
24:35 Scout Tower
24:35 Scout Tower
24:36 Scout Tower
24:36 Guard Tower
24:49 Guard Tower
24:51 Scout Tower
24:52 Scout Tower
24:53 Scout Tower
24:54 Scout Tower
24:54 Scout Tower
24:55 Scout Tower
24:55 Guard Tower
25:17 Guard Tower
25:30 Scout Tower
25:31 Scout Tower
25:31 Scout Tower
25:32 Scout Tower
25:32 Scout Tower
25:33 Scout Tower
25:33 Scout Tower
25:34 Scout Tower
25:35 Scout Tower
25:35 Scout Tower
25:36 Scout Tower
25:37 Scout Tower
25:37 Scout Tower
25:46 Guard Tower
26:07 Guard Tower
26:31 Guard Tower
27:03 Guard Tower
27:12 Guard Tower
27:35 Arcane Vault
28:14 Farm
28:15 Farm
28:16 Farm
28:45 Scout Tower
28:46 Scout Tower
28:46 Scout Tower
28:47 Scout Tower
28:47 Scout Tower
28:48 Scout Tower
28:49 Scout Tower
28:49 Scout Tower
28:52 Scout Tower
28:53 Scout Tower
28:54 Scout Tower
28:55 Scout Tower
28:55 Scout Tower
28:57 Scout Tower
28:57 Scout Tower
29:13 Scout Tower
29:13 Scout Tower
29:14 Scout Tower
29:15 Scout Tower
29:17 Scout Tower
29:17 Scout Tower
29:20 Scout Tower
29:21 Scout Tower
29:22 Scout Tower
29:23 Scout Tower
29:24 Scout Tower
29:26 Guard Tower
29:54 Guard Tower
30:06 Guard Tower
30:10 Guard Tower
30:45 Guard Tower
30:53 Lumber Mill
30:55 Farm
30:56 Farm
30:57 Farm
31:04 Altar of Kings
31:07 Scout Tower
31:08 Scout Tower
31:13 Scout Tower
31:13 Scout Tower
32:00 Guard Tower
32:14 Guard Tower
34:09 Town Hall
35:02 Farm
35:03 Farm
35:04 Farm
35:05 Farm
35:05 Farm
35:06 Farm
36:58 Blacksmith
37:01 Keep
37:47 Town Hall
39:26 Castle
39:31 Workshop
39:32 Workshop
39:39 Workshop
39:46 Workshop
41:22 Scout Tower
41:23 Scout Tower
41:23 Scout Tower
41:24 Scout Tower
41:24 Scout Tower
41:26 Scout Tower
41:26 Scout Tower
41:27 Scout Tower
41:27 Scout Tower
41:27 Scout Tower
41:28 Scout Tower
41:28 Scout Tower
41:29 Scout Tower
41:29 Scout Tower
41:30 Scout Tower
41:31 Scout Tower
41:31 Scout Tower
41:31 Scout Tower
41:32 Scout Tower
41:45 Scout Tower
41:46 Scout Tower
41:46 Scout Tower
41:46 Scout Tower
41:47 Scout Tower
41:47 Scout Tower
41:48 Scout Tower
41:48 Scout Tower
41:49 Scout Tower
41:49 Scout Tower
42:31 Guard Tower
42:31 Guard Tower
42:31 Guard Tower
42:33 Guard Tower
42:33 Guard Tower
42:33 Guard Tower
42:51 Guard Tower
43:06 Guard Tower
43:23 Guard Tower
43:41 Town Hall
43:49 Guard Tower
43:51 Guard Tower
43:54 Arcane Vault
44:27 Guard Tower
44:30 Scout Tower
44:30 Scout Tower
44:30 Scout Tower
44:31 Scout Tower
44:59 Town Hall
45:01 Guard Tower
45:15 Guard Tower
45:17 Scout Tower
45:17 Scout Tower
45:18 Scout Tower
46:20 Guard Tower
46:23 Lumber Mill
49:56 Guard Tower
50:00 Scout Tower
50:00 Scout Tower
50:01 Scout Tower
50:01 Scout Tower
50:01 Scout Tower
50:02 Scout Tower
50:02 Scout Tower
50:02 Scout Tower
50:03 Scout Tower
50:04 Scout Tower
50:04 Scout Tower
50:04 Scout Tower
50:04 Scout Tower
50:05 Scout Tower
50:05 Scout Tower
50:05 Scout Tower
50:07 Scout Tower
50:07 Scout Tower
50:07 Scout Tower
50:08 Scout Tower
50:08 Scout Tower
50:08 Scout Tower
50:09 Scout Tower
51:41 Guard Tower
52:02 Town Hall
52:59 Guard Tower
55:23 Guard Tower
55:26 Guard Tower
56:39 Town Hall
58:28 Town Hall
58:49 Scout Tower
58:50 Scout Tower
58:51 Scout Tower
58:52 Scout Tower
58:53 Scout Tower
58:54 Scout Tower
58:55 Scout Tower
58:56 Scout Tower
61:58 Guard Tower
62:33 Scout Tower
62:34 Scout Tower
62:35 Scout Tower
62:36 Scout Tower
62:36 Scout Tower
62:37 Scout Tower
62:38 Scout Tower
64:30 Keep
64:43 Scout Tower
64:43 Scout Tower
64:44 Scout Tower
64:44 Scout Tower
64:44 Scout Tower
64:45 Scout Tower
64:45 Scout Tower
64:45 Scout Tower
64:45 Scout Tower
64:49 Scout Tower
64:49 Scout Tower
64:49 Scout Tower
64:50 Scout Tower
64:50 Scout Tower
64:51 Scout Tower
64:51 Scout Tower
64:52 Scout Tower
64:53 Scout Tower
64:55 Guard Tower
65:04 Town Hall
65:08 Guard Tower
65:12 Scout Tower
65:13 Scout Tower
65:13 Scout Tower
65:14 Scout Tower
65:14 Scout Tower
65:14 Scout Tower
65:15 Scout Tower
65:15 Scout Tower
65:15 Scout Tower
65:16 Scout Tower
65:16 Scout Tower
65:21 Guard Tower
65:24 Scout Tower
65:24 Scout Tower
65:24 Scout Tower
65:25 Scout Tower
65:25 Scout Tower
65:26 Scout Tower
65:26 Scout Tower
65:26 Scout Tower
65:27 Scout Tower
65:28 Scout Tower
65:29 Scout Tower
65:29 Scout Tower
65:29 Scout Tower
65:30 Scout Tower
65:30 Scout Tower
65:30 Scout Tower
65:32 Scout Tower
65:32 Scout Tower
65:49 Guard Tower
66:06 Guard Tower
66:30 Guard Tower
66:55 Scout Tower
66:56 Scout Tower
66:56 Scout Tower
66:57 Scout Tower
66:58 Scout Tower
66:59 Scout Tower
67:00 Scout Tower
67:00 Scout Tower
67:07 Guard Tower
67:09 Guard Tower
67:12 Castle
67:26 Guard Tower
67:30 Guard Tower
67:49 Guard Tower
68:04 Guard Tower
68:46 Guard Tower
69:27 Guard Tower
70:07 Guard Tower
70:15 Guard Tower
70:27 Guard Tower
70:33 Scout Tower
70:33 Scout Tower
70:34 Scout Tower
70:34 Scout Tower
70:35 Scout Tower
71:17 Guard Tower
71:34 Arcane Sanctum
73:37 Guard Tower
73:41 Scout Tower
73:41 Scout Tower
73:42 Scout Tower
73:42 Scout Tower
73:42 Scout Tower
73:42 Scout Tower
73:43 Scout Tower
73:43 Scout Tower
73:44 Scout Tower
73:44 Scout Tower
73:44 Scout Tower
74:29 Scout Tower
74:29 Scout Tower
74:29 Scout Tower
74:30 Scout Tower
74:31 Scout Tower
74:32 Scout Tower
74:32 Scout Tower
74:33 Scout Tower
74:33 Scout Tower
74:33 Scout Tower
74:34 Scout Tower
74:34 Scout Tower
74:34 Scout Tower
76:24 Scout Tower
76:25 Scout Tower
76:25 Scout Tower
76:26 Scout Tower
76:26 Scout Tower
76:26 Scout Tower
76:27 Scout Tower
76:27 Scout Tower
76:28 Scout Tower
76:28 Scout Tower
77:47 Guard Tower
79:41 Guard Tower
79:51 Guard Tower
79:55 Town Hall
80:16 Guard Tower
80:18 Scout Tower
80:19 Scout Tower
80:19 Scout Tower
80:19 Scout Tower
80:20 Scout Tower
80:21 Scout Tower
80:21 Scout Tower
80:21 Scout Tower
80:22 Scout Tower
80:22 Scout Tower
80:23 Scout Tower
82:08 Guard Tower
82:47 Guard Tower
83:52 Guard Tower
85:39 Guard Tower
85:41 Scout Tower
85:41 Scout Tower
85:42 Scout Tower
85:43 Scout Tower
85:43 Scout Tower
85:44 Scout Tower
85:44 Scout Tower
85:44 Scout Tower
85:45 Scout Tower
85:45 Scout Tower
85:46 Scout Tower
85:47 Scout Tower
85:47 Scout Tower
85:48 Scout Tower
85:48 Scout Tower
85:48 Scout Tower
85:49 Scout Tower
» items
| Anti-magic Potion | 4 | |
| Staff of Preservation | 2 | |
| Scroll of Town Portal | 12 | |
| Scroll of Regeneration | 3 | |
| Staff of Sanctuary | 2 | |
| Orb of Venom | 2 | |
| Inferno Stone | 1 | |
| Runed Bracers | 1 | |
| Mechanical Critter | 2 | |
| Potion of Healing | 2 | |
31 total
iggyiggyiggy (
pink | 104 APM | 9684 actions | 92:40)
6 Mountain King
3 Storm Bolt
3 Bash
7 Paladin
3 Holy Light
3 Divine Shield
1 Devotion Aura
» actions
| Assign group hotkey | 315 | |
| Basic commands | 26 | |
| Build / train | 396 | |
| Enter build submenu | 325 | |
| Enter hero's abilities submenu | 15 | |
| Give item / drop item | 2 | |
| Remove unit from queue | 6 | |
| Right click | 4671 | |
| Select / deselect | 1199 | |
| Select group hotkey | 1969 | |
| Use ability | 760 | |
9684 total
» units
| Peasant | 68 | |
| Gryphon Rider | 5 | |
| Dragonhawk Rider | 13 | |
| Flying Machine | 61 | |
| Siege Engine | 2 | |
| Mortar Team | 1 | |
150 total
» upgrades
| Masonry | 3 | |
| Lumber Harvesting | 2 | |
| Magic Sentry | 1 | |
| Swords | 2 | |
| Armor | 2 | |
| Animal War Training | 1 | |
| Gunpowder | 3 | |
| Flak Cannons | 1 | |
| Flying Machine Bombs | 1 | |
| Plating | 3 | |
| Barrage | 1 | |
| Fragmentation Shards | 1 | |
| Storm Hammers | 1 | |
22 total
» buildings
| Altar of Kings | 1 | |
| Farm | 9 | |
| Lumber Mill | 2 | |
| Scout Tower | 355 | |
| Arcane Tower | 6 | |
| Guard Tower | 161 | |
| Keep | 1 | |
| Arcane Vault | 8 | |
| Castle | 1 | |
| Arcane Sanctum | 1 | |
| Town Hall | 3 | |
| Gryphon Aviary | 1 | |
| Barracks | 1 | |
| Blacksmith | 1 | |
| Workshop | 2 | |
| Cannon Tower | 2 | |
555 total
» build order
00:07 Altar of Kings
00:24 Farm
00:34 Lumber Mill
00:50 Scout Tower
01:00 Farm
01:20 Arcane Tower
01:23 Scout Tower
01:39 Scout Tower
01:55 Arcane Tower
01:55 Arcane Tower
01:56 Arcane Tower
01:57 Scout Tower
02:05 Guard Tower
02:05 Guard Tower
02:12 Scout Tower
02:23 Guard Tower
02:23 Guard Tower
02:24 Guard Tower
02:25 Scout Tower
02:54 Guard Tower
02:54 Scout Tower
03:22 Keep
03:25 Scout Tower
03:47 Guard Tower
03:47 Guard Tower
03:47 Guard Tower
03:52 Scout Tower
03:56 Scout Tower
04:02 Guard Tower
04:05 Scout Tower
04:10 Scout Tower
04:22 Guard Tower
04:24 Scout Tower
04:31 Arcane Vault
04:35 Guard Tower
04:35 Guard Tower
04:35 Guard Tower
04:36 Guard Tower
04:39 Guard Tower
04:41 Scout Tower
04:42 Scout Tower
05:19 Guard Tower
05:20 Scout Tower
05:22 Scout Tower
05:25 Guard Tower
05:39 Scout Tower
05:40 Scout Tower
05:45 Guard Tower
05:51 Scout Tower
05:52 Scout Tower
05:54 Castle
06:29 Guard Tower
06:32 Arcane Sanctum
06:36 Farm
06:37 Farm
06:38 Guard Tower
06:47 Guard Tower
06:52 Scout Tower
07:02 Scout Tower
07:04 Scout Tower
07:38 Guard Tower
07:49 Scout Tower
08:03 Guard Tower
08:03 Guard Tower
08:06 Guard Tower
08:12 Scout Tower
08:22 Guard Tower
09:11 Guard Tower
09:13 Scout Tower
09:14 Scout Tower
09:26 Scout Tower
09:28 Scout Tower
09:44 Scout Tower
09:45 Scout Tower
09:57 Guard Tower
10:08 Guard Tower
10:40 Town Hall
11:23 Gryphon Aviary
11:25 Guard Tower
11:27 Scout Tower
11:28 Scout Tower
11:46 Guard Tower
11:47 Scout Tower
11:56 Scout Tower
11:57 Scout Tower
11:57 Scout Tower
11:58 Scout Tower
11:58 Scout Tower
11:59 Scout Tower
12:24 Guard Tower
12:25 Scout Tower
12:28 Guard Tower
12:32 Scout Tower
12:34 Scout Tower
12:35 Guard Tower
12:46 Scout Tower
13:44 Guard Tower
13:46 Scout Tower
14:13 Guard Tower
14:13 Scout Tower
14:44 Guard Tower
14:45 Scout Tower
14:49 Scout Tower
14:50 Scout Tower
14:50 Scout Tower
14:52 Guard Tower
14:53 Scout Tower
14:56 Guard Tower
14:58 Scout Tower
14:58 Scout Tower
15:02 Scout Tower
15:03 Scout Tower
15:06 Scout Tower
15:07 Scout Tower
15:12 Scout Tower
15:15 Guard Tower
15:17 Arcane Vault
15:36 Guard Tower
15:39 Farm
15:42 Barracks
15:43 Blacksmith
15:53 Guard Tower
15:57 Scout Tower
15:58 Scout Tower
15:59 Scout Tower
16:01 Scout Tower
16:02 Scout Tower
16:52 Scout Tower
16:53 Scout Tower
16:54 Scout Tower
16:55 Scout Tower
16:57 Guard Tower
17:00 Scout Tower
17:02 Scout Tower
17:03 Scout Tower
17:05 Scout Tower
17:07 Scout Tower
17:08 Scout Tower
17:08 Scout Tower
17:14 Scout Tower
17:15 Scout Tower
17:16 Scout Tower
17:17 Scout Tower
17:24 Guard Tower
17:50 Guard Tower
18:07 Guard Tower
18:12 Guard Tower
18:28 Scout Tower
18:29 Scout Tower
18:30 Guard Tower
18:45 Guard Tower
18:47 Scout Tower
18:48 Scout Tower
18:50 Scout Tower
18:51 Scout Tower
19:01 Guard Tower
19:06 Scout Tower
19:07 Scout Tower
19:17 Guard Tower
19:39 Guard Tower
19:40 Scout Tower
19:41 Scout Tower
20:26 Guard Tower
20:29 Scout Tower
20:29 Scout Tower
20:32 Guard Tower
20:35 Scout Tower
20:36 Scout Tower
20:40 Scout Tower
20:41 Scout Tower
20:43 Guard Tower
20:51 Scout Tower
20:53 Scout Tower
21:19 Guard Tower
21:44 Guard Tower
21:46 Scout Tower
21:47 Scout Tower
22:24 Scout Tower
22:24 Scout Tower
22:25 Scout Tower
22:25 Scout Tower
22:26 Scout Tower
22:28 Scout Tower
22:29 Scout Tower
22:29 Scout Tower
22:32 Scout Tower
22:32 Scout Tower
22:33 Scout Tower
22:37 Guard Tower
22:40 Scout Tower
22:41 Scout Tower
22:43 Scout Tower
22:44 Scout Tower
22:46 Scout Tower
22:47 Scout Tower
22:48 Scout Tower
22:49 Scout Tower
23:47 Guard Tower
23:48 Scout Tower
24:30 Scout Tower
24:31 Scout Tower
25:14 Lumber Mill
25:25 Scout Tower
25:26 Scout Tower
25:27 Scout Tower
25:28 Scout Tower
25:30 Scout Tower
25:30 Scout Tower
25:34 Scout Tower
25:35 Scout Tower
25:38 Guard Tower
25:40 Scout Tower
25:41 Scout Tower
25:45 Guard Tower
25:48 Scout Tower
25:48 Scout Tower
25:49 Scout Tower
25:59 Farm
26:00 Farm
26:02 Guard Tower
26:25 Guard Tower
26:28 Scout Tower
26:29 Scout Tower
26:31 Scout Tower
26:31 Scout Tower
26:33 Guard Tower
26:37 Scout Tower
26:38 Scout Tower
26:39 Scout Tower
26:40 Scout Tower
27:10 Guard Tower
27:18 Scout Tower
27:19 Scout Tower
28:10 Guard Tower
28:16 Guard Tower
28:25 Workshop
28:41 Workshop
28:51 Guard Tower
28:54 Scout Tower
28:55 Scout Tower
28:56 Scout Tower
28:57 Scout Tower
28:59 Guard Tower
29:01 Scout Tower
29:03 Scout Tower
29:03 Scout Tower
29:04 Scout Tower
29:46 Guard Tower
29:47 Guard Tower
30:14 Guard Tower
30:18 Scout Tower
30:19 Scout Tower
30:20 Scout Tower
30:34 Guard Tower
30:36 Scout Tower
30:36 Scout Tower
30:37 Scout Tower
30:38 Scout Tower
30:58 Scout Tower
30:59 Guard Tower
31:13 Guard Tower
31:16 Guard Tower
31:30 Guard Tower
31:31 Scout Tower
31:32 Scout Tower
31:33 Guard Tower
31:33 Guard Tower
32:01 Guard Tower
32:06 Scout Tower
32:10 Scout Tower
32:43 Guard Tower
32:47 Scout Tower
32:47 Scout Tower
32:53 Scout Tower
32:54 Scout Tower
33:05 Guard Tower
33:20 Guard Tower
33:22 Arcane Vault
33:42 Guard Tower
33:44 Scout Tower
34:13 Guard Tower
34:18 Guard Tower
34:22 Scout Tower
34:23 Scout Tower
34:27 Scout Tower
34:28 Scout Tower
35:04 Guard Tower
35:11 Scout Tower
35:39 Guard Tower
36:13 Town Hall
36:17 Scout Tower
36:17 Scout Tower
36:57 Scout Tower
36:58 Scout Tower
37:27 Guard Tower
37:30 Scout Tower
37:31 Scout Tower
37:32 Scout Tower
37:37 Scout Tower
37:38 Scout Tower
37:39 Scout Tower
37:40 Scout Tower
37:42 Guard Tower
37:45 Scout Tower
37:46 Scout Tower
37:48 Arcane Vault
37:53 Scout Tower
37:54 Scout Tower
37:58 Guard Tower
38:00 Guard Tower
38:10 Scout Tower
38:16 Scout Tower
38:17 Guard Tower
38:19 Guard Tower
38:44 Guard Tower
38:47 Scout Tower
38:56 Scout Tower
38:57 Scout Tower
39:15 Guard Tower
39:33 Guard Tower
40:25 Cannon Tower
40:26 Cannon Tower
40:31 Scout Tower
40:32 Scout Tower
40:35 Scout Tower
40:53 Scout Tower
40:53 Scout Tower
41:02 Town Hall
41:03 Guard Tower
41:18 Scout Tower
42:07 Guard Tower
42:09 Scout Tower
42:11 Scout Tower
42:14 Scout Tower
42:39 Scout Tower
42:43 Guard Tower
42:44 Scout Tower
42:50 Scout Tower
42:52 Scout Tower
43:20 Guard Tower
43:27 Guard Tower
45:10 Scout Tower
45:13 Scout Tower
45:59 Guard Tower
45:59 Scout Tower
46:07 Scout Tower
48:26 Scout Tower
48:51 Scout Tower
48:52 Scout Tower
49:22 Scout Tower
49:22 Guard Tower
49:24 Scout Tower
49:26 Scout Tower
49:33 Scout Tower
49:35 Scout Tower
49:36 Scout Tower
49:54 Scout Tower
49:55 Scout Tower
49:56 Guard Tower
50:06 Guard Tower
50:11 Scout Tower
50:11 Scout Tower
51:09 Guard Tower
51:10 Scout Tower
51:22 Scout Tower
51:31 Scout Tower
51:33 Scout Tower
51:35 Scout Tower
51:37 Scout Tower
51:51 Guard Tower
52:03 Guard Tower
52:05 Arcane Vault
52:07 Scout Tower
52:08 Scout Tower
52:10 Scout Tower
52:10 Scout Tower
52:39 Scout Tower
52:40 Guard Tower
52:43 Scout Tower
52:44 Arcane Vault
52:48 Scout Tower
52:49 Scout Tower
53:57 Guard Tower
54:12 Scout Tower
54:15 Scout Tower
54:17 Scout Tower
54:29 Guard Tower
54:30 Scout Tower
54:31 Scout Tower
54:58 Guard Tower
55:45 Guard Tower
55:56 Scout Tower
55:57 Scout Tower
55:57 Scout Tower
55:58 Scout Tower
55:59 Scout Tower
56:01 Scout Tower
56:03 Scout Tower
56:03 Scout Tower
56:05 Scout Tower
56:08 Scout Tower
56:10 Scout Tower
56:11 Scout Tower
56:12 Scout Tower
56:12 Scout Tower
56:27 Guard Tower
56:29 Scout Tower
56:30 Scout Tower
56:33 Scout Tower
56:34 Scout Tower
56:35 Guard Tower
57:23 Guard Tower
57:33 Guard Tower
58:08 Guard Tower
58:11 Scout Tower
58:11 Scout Tower
58:14 Scout Tower
58:15 Scout Tower
58:23 Scout Tower
58:24 Scout Tower
58:27 Scout Tower
58:28 Scout Tower
58:43 Guard Tower
58:56 Guard Tower
59:04 Scout Tower
59:05 Scout Tower
59:48 Guard Tower
59:52 Scout Tower
59:52 Scout Tower
59:54 Scout Tower
59:57 Scout Tower
60:22 Guard Tower
60:24 Scout Tower
60:26 Scout Tower
60:28 Scout Tower
60:29 Guard Tower
60:32 Scout Tower
60:34 Scout Tower
60:37 Scout Tower
60:41 Scout Tower
61:10 Guard Tower
61:12 Scout Tower
61:13 Scout Tower
61:58 Guard Tower
62:00 Scout Tower
62:02 Scout Tower
62:05 Scout Tower
62:06 Scout Tower
62:07 Guard Tower
62:10 Scout Tower
62:17 Scout Tower
62:18 Scout Tower
62:23 Scout Tower
62:48 Guard Tower
63:32 Guard Tower
64:00 Scout Tower
64:01 Scout Tower
64:45 Scout Tower
64:50 Scout Tower
65:07 Guard Tower
65:17 Guard Tower
65:27 Scout Tower
65:29 Scout Tower
65:35 Scout Tower
65:38 Scout Tower
65:41 Scout Tower
66:00 Guard Tower
66:03 Scout Tower
66:05 Scout Tower
66:07 Guard Tower
66:12 Guard Tower
66:15 Guard Tower
66:20 Scout Tower
66:33 Guard Tower
66:41 Scout Tower
67:07 Guard Tower
67:09 Scout Tower
67:42 Scout Tower
67:43 Scout Tower
67:43 Scout Tower
67:46 Arcane Tower
68:27 Guard Tower
68:36 Guard Tower
69:34 Guard Tower
69:50 Scout Tower
69:51 Scout Tower
71:04 Guard Tower
71:06 Arcane Vault
76:32 Scout Tower
76:35 Scout Tower
76:36 Scout Tower
76:38 Scout Tower
76:41 Scout Tower
76:44 Arcane Vault
77:17 Guard Tower
77:20 Scout Tower
77:47 Guard Tower
82:35 Scout Tower
82:36 Scout Tower
82:37 Scout Tower
82:38 Scout Tower
83:56 Scout Tower
84:01 Guard Tower
84:02 Farm
84:31 Guard Tower
84:33 Scout Tower
84:40 Farm
84:45 Scout Tower
84:47 Scout Tower
84:47 Scout Tower
84:48 Scout Tower
84:49 Scout Tower
84:49 Scout Tower
85:35 Guard Tower
86:24 Scout Tower
86:25 Scout Tower
86:26 Scout Tower
86:27 Scout Tower
86:27 Scout Tower
86:28 Scout Tower
86:32 Scout Tower
86:33 Scout Tower
86:33 Scout Tower
86:34 Scout Tower
86:35 Scout Tower
86:36 Scout Tower
87:14 Guard Tower
87:30 Guard Tower
87:33 Scout Tower
87:33 Scout Tower
87:34 Scout Tower
87:36 Scout Tower
87:36 Scout Tower
89:10 Guard Tower
89:13 Scout Tower
89:18 Guard Tower
89:20 Scout Tower
89:58 Guard Tower
89:59 Scout Tower
90:15 Scout Tower
90:16 Scout Tower
90:17 Scout Tower
90:17 Scout Tower
90:43 Guard Tower
91:27 Guard Tower
91:58 Guard Tower
92:02 Guard Tower
92:02 Guard Tower
92:03 Scout Tower
92:04 Scout Tower
» items
| Scroll of Regeneration | 7 | |
| Staff of Sanctuary | 2 | |
| Scroll of Town Portal | 8 | |
| Lesser Clarity Potion | 1 | |
| Orb of Fire | 1 | |
| Orb of Venom | 2 | |
| Potion of Healing | 1 | |
| Inferno Stone | 1 | |
| Scourge Bone Chimes | 1 | |
| Potion of Restoration | 3 | |
| Runed Bracers | 1 | |
| Robe of the Magi +6 | 1 | |
29 total
ReudianSlip (
orange | 126 APM | 11531 actions | 91:32)
7 Warden
3 Shadow Strike
3 Blink
1 Spirit of Vengeance
8 Keeper of the Grove
3 Entangling Roots
3 Thorns Aura
1 Tranquility
1 Force of Nature
» actions
| Assign group hotkey | 263 | |
| Basic commands | 59 | |
| Build / train | 156 | |
| ESC pressed | 2 | |
| Enter build submenu | 46 | |
| Enter hero's abilities submenu | 16 | |
| Give item / drop item | 12 | |
| Remove unit from queue | 17 | |
| Right click | 6304 | |
| Select / deselect | 1478 | |
| Select group hotkey | 2689 | |
| Use ability | 486 | |
11531 total
» units
» upgrades
| Ultravision | 1 | |
| Well Spring | 1 | |
| Strength of the Wild | 4 | |
| Reinforced Hides | 3 | |
| Corrosive Breath | 1 | |
10 total
» buildings
| Altar of Elders | 3 | |
| Moon Well | 20 | |
| Tree of Ages | 5 | |
| Hunter's Hall | 3 | |
| Ancient of Wonders | 2 | |
| Tree of Life | 9 | |
| Tree of Eternity | 5 | |
| Ancient of Wind | 2 | |
| Chimaera Roost | 6 | |
| Ancient Protector | 1 | |
56 total
» build order
00:03 Altar of Elders
00:12 Moon Well
01:29 Moon Well
02:10 Moon Well
02:28 Moon Well
04:30 Tree of Ages
04:31 Tree of Ages
05:29 Hunter's Hall
05:30 Ancient of Wonders
06:38 Moon Well
06:51 Tree of Life
09:36 Tree of Life
11:27 Tree of Eternity
11:27 Tree of Eternity
11:31 Hunter's Hall
11:33 Ancient of Wind
11:45 Ancient of Wonders
12:29 Moon Well
12:30 Moon Well
14:06 Chimaera Roost
14:08 Chimaera Roost
18:00 Moon Well
23:30 Tree of Life
29:35 Tree of Life
33:10 Ancient Protector
42:31 Tree of Life
49:36 Moon Well
49:38 Moon Well
49:39 Moon Well
49:40 Moon Well
49:41 Moon Well
49:42 Moon Well
49:43 Moon Well
54:42 Tree of Life
67:27 Chimaera Roost
67:38 Chimaera Roost
74:22 Tree of Life
81:44 Altar of Elders
81:46 Moon Well
81:48 Tree of Life
82:12 Tree of Life
82:14 Altar of Elders
82:15 Moon Well
82:17 Moon Well
83:13 Moon Well
84:13 Tree of Ages
84:14 Tree of Ages
86:35 Tree of Eternity
86:35 Tree of Eternity
86:37 Hunter's Hall
86:40 Ancient of Wind
86:42 Moon Well
89:03 Chimaera Roost
89:03 Chimaera Roost
» items
| Orb of Venom | 1 | |
| Staff of Preservation | 2 | |
| Scroll of Town Portal | 15 | |
| Lesser Clarity Potion | 1 | |
| Potion of Healing | 1 | |
| Alleria's Flute of Accuracy | 1 | |
| Runed Bracers | 1 | |
22 total
timg4strOK (
yellow | 101 APM | 9369 actions | 92:40)
8 Priestess of the Moon
3 Trueshot Aura
3 Scout
1 Starfall
1 Searing Arrows
5 Keeper of the Grove
3 Entangling Roots
2 Thorns Aura
» actions
| Assign group hotkey | 18 | |
| Basic commands | 101 | |
| Build / train | 111 | |
| ESC pressed | 4 | |
| Enter build submenu | 48 | |
| Enter hero's abilities submenu | 13 | |
| Give item / drop item | 8 | |
| Right click | 4462 | |
| Select / deselect | 556 | |
| Select group hotkey | 3702 | |
| Use ability | 346 | |
9369 total
» units
» upgrades
| Nature's Blessing | 1 | |
| Ultravision | 1 | |
| Well Spring | 1 | |
| Strength of the Wild | 3 | |
| Reinforced Hides | 3 | |
| Druid of the Talon Training | 1 | |
| Corrosive Breath | 1 | |
11 total
» buildings
| Altar of Elders | 3 | |
| Moon Well | 21 | |
| Hunter's Hall | 2 | |
| Tree of Ages | 2 | |
| Tree of Life | 3 | |
| Ancient of Wonders | 4 | |
| Tree of Eternity | 2 | |
| Ancient Protector | 1 | |
| Ancient of Wind | 2 | |
| Chimaera Roost | 8 | |
48 total
» build order
00:08 Altar of Elders
00:23 Moon Well
01:04 Moon Well
05:01 Hunter's Hall
05:13 Tree of Ages
06:35 Tree of Life
07:42 Ancient of Wonders
10:37 Moon Well
10:47 Tree of Eternity
13:17 Ancient of Wonders
13:45 Ancient of Wonders
13:56 Ancient Protector
14:03 Moon Well
14:46 Ancient of Wind
17:11 Ancient of Wind
17:19 Moon Well
17:20 Moon Well
17:20 Moon Well
26:04 Chimaera Roost
26:05 Chimaera Roost
26:05 Chimaera Roost
28:41 Chimaera Roost
28:43 Chimaera Roost
28:44 Chimaera Roost
35:55 Tree of Ages
35:59 Moon Well
36:03 Moon Well
36:04 Moon Well
36:08 Tree of Life
36:12 Tree of Life
39:07 Altar of Elders
39:26 Moon Well
39:27 Moon Well
44:07 Ancient of Wonders
47:27 Tree of Eternity
53:27 Moon Well
53:29 Moon Well
57:04 Moon Well
57:08 Moon Well
57:12 Moon Well
57:14 Moon Well
64:20 Altar of Elders
73:50 Moon Well
83:24 Chimaera Roost
83:31 Chimaera Roost
84:32 Hunter's Hall
» items
| Orb of Venom | 2 | |
| Staff of Preservation | 2 | |
| Staff of Sanctuary | 2 | |
| Runed Bracers | 2 | |
| Robe of the Magi +6 | 1 | |
| Sobi Mask | 1 | |
| Scroll of Town Portal | 11 | |
| Inferno Stone | 2 | |
| Potion of Healing | 4 | |
27 total
Chat log
(03:37 / All) iggyiggyiggy: Luckernoob leave
(03:38 / All) iggyiggyiggy: lol noob
(03:41 / All) timg4strOK: ROFL
(03:55 / All) ReudianSlip: wait; wait, wait... u motherfucker
(04:08 / All) ClanTowaRnD: we challenge u
(04:10 / All) ClanTowaRnD: to a rockoff
(12:09 / Allies) iggyiggyiggy: gold give me it
(26:46 / All) Pinnacle: this usually work?
(26:57 / All) Farmer_W_John: i couldn{t imagine
(27:03 / All) Farmer_W_John: seams like to much work though
(28:36 / All) Pinnacle: 2ez
(29:46 / All) FReeZING[cF]: u group them too close
(29:53 / All) FReeZING[cF]: 2 clouds disabled ALL those towers
(38:29 / All) FReeZING[cF]: lmao
(39:29 / All) Farmer_W_John: HI PINK AND ORANGE
(40:10 / All) iggyiggyiggy: HI RED AND BLUE
(40:14 / All) iggyiggyiggy: NOOBSHIT
(40:19 / All) ReudianSlip: TP TP TP TP
(40:20 / All) ReudianSlip: TPTPTPTP
(40:31 / All) FReeZING[cF]: woo lost 4 units
(40:37 / All) ReudianSlip: and a lot of pride
(40:43 / All) FReeZING[cF]: not really
(40:47 / All) FReeZING[cF]: you lost more than m,e
(40:54 / All) iggyiggyiggy: GYROS???
(41:03 / All) FReeZING[cF]: althought with your mass towers i dont think you started with any
(45:14 / Allies) iggyiggyiggy: gold
(55:14 / All) timg4strOK: this usually work? sucking shit
(82:06 / All) timg4strOK: LMFAO
(82:47 / All) Farmer_W_John: hi
(82:51 / All) Farmer_W_John: LAMOF
(82:59 / All) timg4strOK: Grats you killed 4 chimera
(83:06 / All) timg4strOK: how many bat you lose to do it 10?
(85:15 / Allies) timg4strOK: am i lagging
(85:16 / Allies) ReudianSlip: yes
(91:31 / All) FReeZING[cF]: QQ